 Dungeon Crawl Stone Soup version 0.23-a0-329-g6f3f904 (webtiles) character file.

49 wazuzu the Covered (level 3, -1/31 HPs)
             Began as a Gnoll Wanderer on Oct 16, 2018.
             Killed from afar by Natasha (7 damage)
             ... with a magic dart
             ... on level 2 of the Dungeon.
             The game lasted 00:03:43 (1140 turns).

wazuzu the Covered (Gnoll Wanderer)                 Turns: 1140, Time: 00:03:44

Health: -1/31      AC:  6    Str: 16    XL:     3   Next: 77%
Magic:  4/4        EV: 10    Int: 14    God:
Gold:   26         SH:  0    Dex: 13    Spells: 3/3 levels left

rFire    . . .     SeeInvis .   j - +0 hunting sling
rCold    . . .     Gourm    .   (no shield)
rNeg     . . .     Faith    .   c - +0 ring mail
rPois    .         Spirit   .   (no helmet)
rElec    .         Reflect  .   (no cloak)
rCorr    +         Harm     .   (no gloves)
MR       .....                  (no boots)
Stlth    +.........             (no amulet)
HPRegen  0.10/turn              n - ring of resist corrosion
MPRegen  0.09/turn              (no ring)

@: slowed, very slow
A: distributed training, fangs 1, strong nose
a: no special abilities


You were on level 2 of the Dungeon.
You were not hungry.

You visited 1 branch of the dungeon, and saw 2 of its levels.

You collected 26 gold pieces.

Inventory:

Hand Weapons
 a - a +2 hand crossbow
 b - a +0 dagger
 j - a +0 hunting sling (weapon)
Missiles
 i - 24 bolts
 k - 35 stones (quivered)
Armour
 c - a +0 ring mail (worn)
Jewellery
 n - a ring of resist corrosion (left hand)
Scrolls
 e - 2 scrolls of remove curse
 l - a scroll of blinking {unknown}
 m - a scroll of amnesia {unknown}
 o - a scroll of teleportation {unknown}
 q - a scroll of magic mapping {unknown}
Potions
 d - a potion of curing
 g - 2 potions of brilliance {unknown}
 h - a potion of heal wounds {unknown}
Comestibles
 f - a ration


   Skills:
 + Level 4.5 Fighting
 + Level 0.9 Short Blades
 + Level 0.9 Long Blades
 + Level 0.9 Axes
 + Level 0.9 Maces & Flails
 + Level 0.9 Polearms
 + Level 0.9 Staves
 + Level 0.9 Slings
 + Level 0.9 Bows
 + Level 6.5 Crossbows
 + Level 0.9 Throwing
 + Level 6.5 Armour
 + Level 0.9 Dodging
 + Level 2.4 Stealth
 + Level 0.9 Shields
 + Level 0.9 Unarmed Combat
 + Level 0.9 Spellcasting
 + Level 0.6 Conjurations
 + Level 0.6 Hexes
 + Level 0.6 Charms
 + Level 0.6 Summonings
 + Level 0.6 Necromancy
 + Level 0.6 Translocations
 + Level 0.6 Transmutations
 + Level 0.6 Fire Magic
 + Level 0.6 Ice Magic
 + Level 0.6 Air Magic
 + Level 0.6 Earth Magic
 + Level 0.6 Poison Magic
 + Level 1.0 Invocations
 + Level 2.6 Evocations


You had 3 spell levels left.
You didn't know any spells.
Your spell library was empty.

Dungeon Overview and Level Annotations

Branches:
Dungeon (2/15)

Altars:

Annotations:
D:2 Natasha


Innate Abilities, Weirdness & Mutations

Your experience applies equally to all skills.
You have very sharp teeth.
Your uncanny sense of smell can sniff out nearby items.


Message History

You are too injured to fight recklessly!
Firing (i - inventory)
k - 37 stones (quivered)
Press: ? - help, Shift-Dir - straight line, f/p - Natasha
Aim: Natasha, carrying a wand of flame (24) (almost dead, fast)
You shoot a stone. The stone barely misses Natasha.
Natasha zaps a wand.
The puff of flame hits you! Natasha closely misses you.
The kobold barely misses you. Natasha claws you.
* * * LOW HITPOINT WARNING * * *
The kobold misses you.
Firing (i - inventory)
k - 36 stones (quivered)
Press: ? - help, Shift-Dir - straight line, f/p - Natasha
Aim: Natasha, carrying a wand of flame (23) (almost dead, fast)
You shoot a stone. The stone closely misses Natasha.
Natasha mumbles some strange words.
Natasha glows brightly for a moment.
Natasha claws you.
* * * LOW HITPOINT WARNING * * *
Natasha stares at you and mumbles some strange words.
The magic dart hits you!
You die...

(. ∆ #. ∆ #.
#. #.## .O# #
#K# .#
(######@##..#
.(%.....h(..#
#######.###.#
#.# ∆ #.##
#..# ##.# #.#
#.#


You could see an ogre, Natasha and a kobold.

Vanquished Creatures
  2 oozes
  2 worms
  3 giant cockroaches (D:1)
  4 hobgoblins
  4 bats
  A frilled lizard (D:1)
  10 goblins
  3 kobolds (D:1)
  6 rats (D:1)
35 creatures vanquished.

Notes
Turn   | Place    | Note
-------+----------+-------------------------------------------
     0 | D:1      | wazuzu the Gnoll Wanderer began the quest for the Orb.
     0 | D:1      | wazuzu set off with: a +2 hand crossbow, 25 bolts, a +0
                  | ring mail, a potion of curing, a ration
     0 | D:1      | Reached XP level 1. HP: 20/20 MP: 2/2
    29 | D:1      | Reached XP level 2. HP: 26/26 MP: 3/3
   303 | D:1      | Reached XP level 3. HP: 26/31 MP: 4/4
  1060 | D:2      | Reached skill level 1 in Invocations
  1130 | D:2      | Noticed Natasha
  1136 | D:2      | Noticed an ogre
  1140 | D:2      | Killed from afar by Natasha

Vault maps used:
D:1:      mrwooster_arrival_statue_2
D:2:      first_ration, uniq_crazy_yiuf_cottage, uniq_natasha

Skill      XL: |  1  2  3 |
---------------+----------+-----
Invocations    | 1 |  1.0
Fighting       | |  4.5
Short Blades   | |  0.9
Long Blades    | |  0.9
Axes           | |  0.9
Maces & Flails | |  0.9
Polearms       | |  0.9
Staves         | |  0.9
Slings         | |  0.9
Bows           | |  0.9
Crossbows      | |  6.5
Throwing       | |  0.9
Armour         | |  6.5
Dodging        | |  0.9
Stealth        | |  2.4
Shields        | |  0.9
Unarmed Combat | |  0.9
Spellcasting   | |  0.9
Conjurations   | |  0.6
Hexes          | |  0.6
Charms         | |  0.6
Summonings     | |  0.6
Necromancy     | |  0.6
Translocations | |  0.6
Transmutations | |  0.6
Fire Magic     | |  0.6
Ice Magic      | |  0.6
Air Magic      | |  0.6
Earth Magic    | |  0.6
Poison Magic   | |  0.6
Evocations     | |  2.6

Action                   || total
-------------------------++-------
Melee: Dagger            ||    97
       Bite              ||     7
 Fire: Hand crossbow     ||    14
       Hunting sling     ||    44
  Use: Scroll            ||     1
 Stab: Sleeping          ||     1
  Eat: Chunk             ||     1
Armor: Ring mail         ||    54
Dodge: Dodged            ||    61

Table legend:
 A = Non-vault XP
 B = Vault XP
 C = Vault XP percentage of total XP
 D = Non-vault monster count
 E = Vault monster count
 F = Vault count percentage of total count
                 A         B        C        D         E       F
            +---------+---------+-------+---------+---------+-------
      Total |      71 |       0 |   0.0 |      35 |       0 |   0.0
            +---------+---------+-------+---------+---------+-------
        D:1 |      51 |       0 |   0.0 |      29 |       0 |   0.0
        D:2 |      20 |       0 |   0.0 |       6 |       0 |   0.0
            +---------+---------+-------+---------+---------+-------
